AoeStats
← VLC | DafeKhan

Nomad

504344203Analyzed
4v4 RM · 28d ago on Sep 4, 2026· 39m 9s· 8 players
Game mode
Random Map
Map size
231×231
Population
200
Speed
Normal
Resources
Standard
Victory
Conquest
Starting age
Dark Age
Ending age
Imperial Age
RankedLock teamsTeams togetherTeam positionsShared explorationLock speedFull tech treeHidden civsTurbo modeCheats
Victory
Defeat
🇭🇺 Dravidians · Hungary
1666
+11
🇩🇴 Aztecs · Dominican Republic
1664
+11
🇨🇳 Bohemians · China
1649
+12
🇹🇷 Lithuanians · Türkiye
1584
+14
🇨🇴 Goths · Colombia
1617
-15
🇨🇴 Poles · Colombia
1585
-13
🇨🇴 Khmer · Colombia
1525
-11
🇨🇴 Vietnamese · Colombia
1480
-9
CNZS_HiFive
6:02 Loom
14:47 Feudal Age
18:48 Castle Age
16:35 Double-Bit Axe
16:31 Horse Collar
19:45 Medium Warships
19:48 Bow Saw
20:37 Demolition Ship
21:15 Fishing Lines
22:54 Wheelbarrow
26:10 Clinker Construction
26:11 Careening
26:06 Heavy Plow
26:06 Gillnets
32:44 Hand Cart
37:05 Imperial Age
34:27 Fletching
34:37 Padded Archer Armor
34:59 Ballistics
36:06 Chemistry
36:02 Leather Archer Armor
36:13 Pikeman
36:55 Scale Mail Armor
37:06 Houfnice
37:53 Siege Engineers
37:48 Halberdier
38:44 Chain Mail Armor
38:45 Squires
38:31 Arson
39:55 Plate Mail Armor
39:49 Forging
[H] Blabla
5:07 Loom
12:49 Feudal Age
17:08 Castle Age
16:06 Gold Mining
16:03 Double-Bit Axe
18:02 Medium Warships
18:38 Bow Saw
21:17 Horse Collar
22:16 Heavy Plow
26:04 Wheelbarrow
25:57 Town Watch
26:44 Stone Mining
31:42 Imperial Age
31:01 Hand Cart
30:37 Fletching
30:47 Padded Archer Armor
32:00 Thumb Ring
31:51 Bodkin Arrow
32:19 Ballistics
34:25 Elite Elephant Archer
35:09 Bracer
37:07 Chemistry
36:25 Leather Archer Armor
36:33 Conscription
38:08 Ring Archer Armor
37:50 Medical Corps
37:46 Elite Skirmisher
39:07 Masonry
The_OFLi
7:41 Loom
14:16 Feudal Age
18:01 Castle Age
16:20 Stone Mining
16:11 Fishing Lines
16:31 Double-Bit Axe
17:32 Gold Mining
18:02 Horse Collar
19:18 Wheelbarrow
18:52 Scale Barding Armor
20:02 Gillnets
20:29 Bow Saw
22:09 Chain Barding Armor
25:23 Hill Forts
27:49 Bloodlines
28:43 Husbandry
33:20 Forging
38:14 Imperial Age
38:40 Heavy Plow
38:28 Elite Leitis
39:51 Plate Barding Armor
URU | KING RICO
5:03 Loom
13:38 Feudal Age
14:25 Town Watch
17:34 Castle Age
18:29 Horse Collar
18:52 Fishing Lines
18:56 Pikeman
19:48 Double-Bit Axe
20:28 Scale Mail Armor
22:47 Redemption
24:47 Sanctity
25:19 Fervor
34:28 Bow Saw
34:21 Heavy Plow
39:11 Imperial Age
36:35 Stone Mining
36:50 Gold Mining
38:59 Wheelbarrow
VLC | Raconteur
3:24 Loom
13:50 Feudal Age
17:30 Castle Age
15:41 Double-Bit Axe
18:28 Medium Warships
18:35 Fletching
19:32 Bodkin Arrow
23:24 Bow Saw
24:22 Horse Collar
29:32 Wheelbarrow
30:11 Stone Mining
32:12 Heavy Plow
35:53 Imperial Age
33:33 Gold Mining
34:01 Hand Cart
34:33 Anarchy
35:01 Squires
35:02 Scale Mail Armor
35:13 Forging
36:02 Chain Mail Armor
37:15 Iron Casting
36:38 Town Watch
37:04 Pikeman
38:18 Conscription
38:03 Perfusion
VLC | BacTi
4:27 Loom
13:36 Feudal Age
18:23 Castle Age
17:44 Bloodlines
19:06 Gold Mining
VLC | Tithen
5:22 Loom
12:49 Feudal Age
17:16 Castle Age
15:44 Double-Bit Axe
17:02 Town Watch
17:17 Fletching
18:55 Bow Saw
20:49 Horse Collar
20:54 Crossbowman
22:20 Bodkin Arrow
27:48 Ballistics
29:26 Padded Archer Armor
34:32 Imperial Age
35:41 Wheelbarrow
37:36 Imperial Age
35:46 Wheelbarrow
VLC | DafeKhan
4:28 Loom
13:10 Feudal Age
18:22 Castle Age
18:22 Double-Bit Axe
19:12 Medium Warships
19:14 Bow Saw
21:33 Fletching
24:19 Bodkin Arrow
33:44 Ballistics
36:54 Padded Archer Armor
38:16 Leather Archer Armor
Connection lost

Rejoining the realm…

Still unreachable

The connection could not be restored.

Session expired

The server has moved on; the page needs a fresh start.